 Dungeon Crawl Stone Soup version 0.27-a0-40-g5f2be0e231 (webtiles) character file.

Game seed: 12728901755473122376

31537 funkygono the Basher (level 13, -8/117 HPs)
             Began as a Minotaur Fighter on Jan 5, 2021.
             Was a Priest of the Shining One.
             Mangled by a slime creature (46 damage)
             ... on level 5 of the Lair of Beasts.
             The game lasted 00:28:33 (13074 turns).

funkygono the Basher (Minotaur Fighter)            Turns: 13074, Time: 00:28:34

Health: -8/117     AC: 28    Str: 26    XL:     13   Next: 26%
Magic:  14/14      EV:  9    Int:  5    God:    the Shining One [***...]
Gold:   885        SH:  0    Dex: 13    Spells: 12/12 levels left

rFire    . . .     SeeInvis .   a - +3 flail (flame)
rCold    . . .     Faith    .   c - +2 kite shield
rNeg     + . .     Spirit   .   o - +0 plate armour
rPois    +         Reflect  .   q - +2 hat
rElec    .         Harm     .   n - +2 cloak {rCorr}
rCorr    +         Rampage  .   (no gloves)
Will     +....                  j - +2 pair of boots
Stlth    ..........             C - amulet of magic regeneration
HPRegen  0.29/turn              w - ring of poison resistance
MPRegen  0.39/turn              m - ring "Cixzuca" {*Corrode Will+ AC+4 Str+3}

@: lethally poisoned (-8 -> -11), sleeping, glowing
A: retaliatory headbutt, horns 2
a: Renounce Religion, Divine Shield


You were on level 5 of the Lair of Beasts.
You worshipped the Shining One.
The Shining One was most pleased with you.
You visited 2 branches of the dungeon, and saw 13 of its levels.

You collected 885 gold pieces.

Inventory:

Hand Weapons
 a - a +3 flail of flaming (weapon)
 b - a +0 hand crossbow of freezing
Missiles
 h - 117 bolts
Armour
 c - a +2 kite shield (worn)
 j - a +2 pair of boots (worn)
 n - a +2 cloak of preservation (worn)
 o - a +0 plate armour (worn)
 q - a +2 hat (worn)
 M - a +1 pair of boots of rampaging
Jewellery
 m - the ring "Cixzuca" (right hand) {*Corrode Will+ AC+4 Str+3}
   (You found it on level 3 of the Lair of Beasts)

   [ring of protection]

   It affects your AC (+4).
   It affects your strength (+3).
   It affects your willpower, your defense against some magical effects.
   It may corrode you when you take damage.
 w - a ring of poison resistance (left hand)
 C - an amulet of magic regeneration (around neck)
 D - an uncursed ring of wizardry
 J - an uncursed ring of protection from fire
Wands
 p - a wand of iceblast (8)
 s - a wand of paralysis (26)
 v - a wand of disintegration (20)
 y - a wand of acid (3)
 E - a wand of flame (15)
Scrolls
 f - 5 scrolls of remove curse
 g - 4 scrolls of identify
 t - 2 scrolls of fog
 A - 2 scrolls of amnesia
 F - a scroll of enchant armour
 G - 4 scrolls of fear
 H - 2 scrolls of magic mapping
 I - a scroll of blinking
 L - 2 scrolls of teleportation
Potions
 d - a potion of might
 e - 2 potions of brilliance
 i - 8 potions of curing
 k - 2 potions of lignification
 l - a potion of magic
 r - a potion of resistance
 u - a potion of invisibility
 x - a potion of berserk rage
 z - 4 potions of flight
 B - 4 potions of heal wounds
 K - a potion of attraction


   Skills:
 + Level 11.8 Fighting
 + Level 14.7 Maces & Flails
 + Level 7.3 Crossbows
 + Level 11.1 Armour
 + Level 3.1 Dodging
 + Level 13.6 Shields
 + Level 3.1 Invocations


You had 12 spell levels left.
You didn't know any spells.
Your spell library contained the following spells:

 Spells                   Type           Power        Failure   Level
 Poisonous Vapours        Pois/Air       0%           100%        2
 Conjure Flame            Conj/Fire      0%           100%        3
 Mephitic Cloud           Conj/Pois/Air  0%           100%        3
 Irradiate                Conj/Tmut      0%           100%        5
 Freezing Cloud           Conj/Ice/Air   0%           100%        6
 Hydra Form               Tmut           0%           100%        6
 Statue Form              Tmut/Erth      0%           100%        6
 Dragon Form              Tmut           0%           100%        7


Dungeon Overview and Level Annotations

Branches:
Dungeon (8/15)             Temple (0/1) D:7            Lair (5/6) D:8
 Shoals (0/4) Lair:2       Spider (0/4) Lair:3
  Slime: Lair:5-6

Altars:
Elyvilon
Makhleb
Sif Muna
Uskayaw
Wu Jian
Yredelemnul
Zin
The Shining One


Innate Abilities, Weirdness & Mutations

You reflexively headbutt those who attack you in melee.
You have a pair of horns on your head.


Message History

The slime creature hits you but does no damage.
Found a scroll of teleportation.
You see here a dream sheep corpse.
You sock the slime creature! You burn the slime creature.
You headbutt the slime creature.
The slime creature is lightly wounded.
The dream sheep closely misses you. You block the slime creature's attack.
You sock the slime creature! You burn the slime creature.
You headbutt the slime creature.
The slime creature is heavily wounded.
You feel sick. You block the dream sheep's attack.
You hit the slime creature. You burn the slime creature.
You headbutt the slime creature!
The slime creature is severely wounded.
You feel sick. You block the slime creature's attack.
The dream sheep shake their wool and sparkle.
You feel drowsy...
You fall asleep.
The dream sheep bites you but does no damage.
The slime creature hits you!!!
You die...

#.#.....
###.....## ###
#....J.#.##.^#
#.#.JY........
###...Y.Y.......
##...Y.Y#........
#....Y####.....##
##...#Y##......#
#...###Y@.......#
#...# ##J.......P
##P# ..........
## ?.....#....
.....##....
.....## ...#
......# ..#
......## .#


You could see a slime creature and 3 dream sheep.

Vanquished Creatures
  6 hydras
  A queen ant (Lair:2)
  6 death yaks (Lair:4)
  A fire crab (Lair:3)
  4 black mambas
  10 elephants (Lair:3)
  Joseph (D:8)
  4 rime drakes
  2 komodo dragons (Lair:4)
  7 cane toads
  Maggie (D:6)
  2 tyrant leeches (Lair:4)
  A polar bear (Lair:3)
  3 dream sheep (Lair:5)
  9 blink frogs
  17 yaks
  A wyvern (Lair:2)
  The ghost of furman the Slasher, an amateur PaDe (D:4)
  2 redbacks (Lair:3)
  A basilisk (Lair:3)
  2 swamp worms (Lair:4)
  5 soldier ants (Lair:2)
  14 water moccasins
  A sky beast (D:7)
  An ice beast (D:6)
  6 black bears
  5 ogres
  2 orc warriors
  7 wolves
  2 phantoms
  2 centaurs
  A big kobold (D:7)
  22 bullfrogs
  A scorpion (D:6)
  5 killer bees (D:7)
  3 wights (D:7)
  An electric eel (Lair:4)
  6 howler monkeys (D:7)
  2 bullfrog zombies
  5 orc priests
  4 orc wizards
  5 hounds
  Crazy Yiuf (D:2)
  3 bullfrog skeletons
  3 centaur skeletons
  A jelly (Lair:5)
  Natasha (D:3)
  10 worker ants
  An iguana (D:4)
  A killer bee zombie (D:8)
  A hound skeleton (D:4)
  Robin (D:2)
  6 gnolls
  10 adders
  2 shadow imps (D:5)
  3 white imps
  An ufetubus (D:7)
  2 oozes
  An adder skeleton (D:7)
  2 worms
  A dart slug (D:4)
  3 leopard geckos
  25 orcs
  A ball python (D:6)
  4 bats
  3 giant cockroaches
  15 goblins
  15 hobgoblins
  10 jackals
  4 quokkas
  4 frilled lizards
  7 kobolds
  2 rats
326 creatures vanquished.

Vanquished Creatures (others)
  59 fungi
  51 plants
  4 toadstools (D:1)
114 creatures vanquished.

Grand Total: 440 creatures vanquished

Notes
Turn   | Place    | Note
-------+----------+-------------------------------------------
     0 | D:1      | funkygono the Minotaur Fighter began the quest for the Orb.
     0 | D:1      | Reached XP level 1. HP: 19/19 MP: 0/0
    97 | D:1      | Reached XP level 2. HP: 27/27 MP: 1/1
   575 | D:1      | Reached XP level 3. HP: 33/34 MP: 2/2
   959 | D:2      | Reached skill level 3 in Maces & Flails
  1054 | D:2      | Noticed Robin
  1057 | D:2      | Reached XP level 4. HP: 41/41 MP: 3/3
  1108 | D:2      | Killed Robin
  1630 | D:2      | Found a runed translucent door.
  1631 | D:2      | Noticed Crazy Yiuf
  1639 | D:2      | Killed Crazy Yiuf
  1640 | D:2      | Reached skill level 4 in Maces & Flails
  1640 | D:2      | Reached XP level 5. HP: 40/47 MP: 4/4
  1936 | D:3      | Noticed an ogre
  1941 | D:3      | Killed an ogre
  1942 | D:3      | Reached skill level 1 in Dodging
  2172 | D:3      | Reached skill level 5 in Maces & Flails
  2242 | D:3      | Reached skill level 5 in Armour
  2467 | D:3      | Reached XP level 6. HP: 54/55 MP: 5/5
  2586 | D:3      | Noticed Natasha
  2600 | D:3      | Killed Natasha
  2918 | D:4      | Found a glowing golden altar of the Shining One.
  2942 | D:4      | Reached skill level 5 in Fighting
  2942 | D:4      | Reached skill level 6 in Maces & Flails
  2972 | D:4      | Became a worshipper of the Shining One
  3072 | D:4      | Found a large runed translucent door.
  3072 | D:4      | Found a large runed translucent door.
  3072 | D:4      | Noticed furman's ghost (amateur PaDe)
  3179 | D:4      | Found a burning altar of Makhleb.
  3187 | D:4      | Reached XP level 7. HP: 61/61 MP: 6/6
  3189 | D:4      | Found a glowing silver altar of Zin.
  3200 | D:4      | Found an ornate altar of the Wu Jian Council.
  3485 | D:4      | Killed furman's ghost
  3486 | D:4      | Reached skill level 5 in Shields
  3544 | D:5      | Entered Level 5 of the Dungeon
  3578 | D:5      | Reached skill level 7 in Maces & Flails
  3609 | D:5      | Got a ruby-encrusted ring mail
  3620 | D:5      | Identified the cursed +0 ring mail of Death's Door {Regen+
                  | rCorr} (You found it on level 5 of the Dungeon)
  4178 | D:5      | Found a shimmering blue altar of Sif Muna.
  4179 | D:5      | Found a basalt altar of Yredelemnul.
  4457 | D:6      | Noticed Maggie
  4461 | D:6      | Reached XP level 8. HP: 70/70 MP: 7/7
  4469 | D:6      | Killed Maggie
  4470 | D:6      | Reached skill level 8 in Maces & Flails
  4529 | D:6      | Reached * piety under the Shining One
  4544 | D:6      | Reached skill level 9 in Maces & Flails
  5135 | D:6      | Reached XP level 9. HP: 78/78 MP: 8/8
  5217 | D:7      | Reached skill level 10 in Maces & Flails
  5410 | D:7      | Reached ** piety under the Shining One
  5697 | D:7      | Reached skill level 11 in Maces & Flails
  5831 | D:7      | Found a staircase to the Ecumenical Temple.
  6244 | D:8      | Reached XP level 10. HP: 82/88 MP: 9/9
  6256 | D:8      | Found a staircase to the Lair.
  6531 | D:8      | Found a white marble altar of Elyvilon.
  6584 | D:8      | Noticed Joseph
  6591 | D:8      | Killed Joseph
  6592 | D:8      | Reached skill level 12 in Maces & Flails
  7267 | Lair:1   | Entered Level 1 of the Lair of Beasts
  7303 | Lair:1   | Noticed a cane toad
  7310 | Lair:1   | Killed a cane toad
  7815 | Lair:1   | You fall into a shaft and drop 1 floor!
  7833 | Lair:2   | Found a staircase to the Shoals.
  7911 | Lair:2   | Noticed a four-headed hydra
  7922 | Lair:2   | Killed a four-headed hydra
  7923 | Lair:2   | Reached skill level 1 in Crossbows
  7929 | Lair:2   | Reached skill level 10 in Shields
  7929 | Lair:2   | Reached skill level 1 in Invocations
  8123 | Lair:2   | Noticed a cane toad
  8129 | Lair:2   | Killed a cane toad
  8151 | Lair:2   | Reached skill level 13 in Maces & Flails
  8174 | Lair:2   | Reached XP level 11. HP: 95/95 MP: 7/10
  8573 | Lair:2   | Noticed a queen ant
  8584 | Lair:2   | Killed a queen ant
  9206 | Lair:1   | Found a hide-covered altar of Uskayaw.
 10202 | Lair:3   | Noticed a four-headed hydra
 10220 | Lair:3   | Killed a four-headed hydra
 10221 | Lair:3   | Reached skill level 14 in Maces & Flails
 10336 | Lair:3   | Reached skill level 10 in Fighting
 10350 | Lair:3   | Reached XP level 12. HP: 78/106 MP: 12/12
 10740 | Lair:3   | Found a hole to the Spider Nest.
 10796 | Lair:3   | Noticed a six-headed hydra
 10803 | Lair:3   | Killed a six-headed hydra
 10804 | Lair:3   | Reached skill level 5 in Crossbows
 11132 | Lair:3   | Reached skill level 10 in Armour
 11225 | Lair:3   | Got a vibrating bone ring
 11238 | Lair:3   | Noticed an eight-headed hydra
 11246 | Lair:3   | Killed an eight-headed hydra
 11491 | Lair:3   | Noticed a four-headed hydra
 11502 | Lair:3   | Killed a four-headed hydra
 11671 | Lair:3   | Identified the ring "Cixzuca" {*Corrode Will+ AC+4 Str+3}
                  | (You found it on level 3 of the Lair of Beasts)
 11707 | Lair:4   | Noticed a death yak
 11707 | Lair:4   | Noticed a death yak
 11707 | Lair:4   | Noticed a death yak
 11707 | Lair:4   | Noticed a death yak
 11707 | Lair:4   | Noticed a death yak
 11708 | Lair:4   | Noticed a death yak
 11754 | Lair:4   | Killed a death yak
 11762 | Lair:4   | Killed a death yak
 11767 | Lair:4   | Killed a death yak
 11782 | Lair:4   | Killed a death yak
 11789 | Lair:4   | Killed a death yak
 11802 | Lair:4   | Killed a death yak
 11803 | Lair:4   | Reached XP level 13. HP: 97/116 MP: 14/14
 13030 | Lair:5   | Reached *** piety under the Shining One
 13074 | Lair:5   | Mangled by a slime creature

Illustrated notes

Levels and vault maps discovered:
D:1:      lightli_arrival_chessboard, layout_basic, serial_glass,
          glass_columns_b, glass_columns_c, minmay_gold_behind_fungi,
          serial_bayou_pond_d, minmay_misc_feat_encased,
          hangedman_abyss_or_decor_stabs, fountainhead, amethyst_killhole,
          nrook_mini_vaults, grunt_decor_resistance
D:2:      layout_loops_cross, palyth_stone_intersect, uniq_robin,
          uniq_crazy_yiuf_cottage
D:3:      layout_loops_corners, uniq_natasha
D:4:      layout_rooms, minmay_overflow_temple_star_quad,
          ebering_ghost_disaster_area, tso_metal_star
D:5:      layout_cave_pods, grunt_temple_overflow_open
D:6:      layout_basic, uniq_maggie
D:7:      layout_loops_ring, temple_pool_b, minmay_door_square
D:8:      layout_basic, old_standard_altar, due_lair_maze_entry_diamond,
          uniq_joseph
Lair:1:   layout_layer_cave, basic_altar, minivault_27, serial_bayou_pond_d,
          nzn_random_ring
Lair:2:   layout_regular_city, shoals_dummy_entry,
          portal_ice_cave_entry_pillars_1, wad_woods_antlair, grunt_megastairs_1
Lair:3:   layout_roguey, spider_nest_entry_webs, grunt_megastairs_2
Lair:4:   layout_misc_corridors, worms_lemuel, grunt_megastairs_4,
          serial_bayou_shore_a, lemuel_fruit_tree
Lair:5:   cheibrodos_lair_river_kwai, layout_concentric_octagons,
          minmay_slime_entry_pillars, gammafunk_ghost_wrathful_warriors,
          grunt_megastairs_3

Skill      XL: |  1  2  3  4  5  6  7  8  9 10 11 12 13 |
---------------+----------------------------------------+-----
Fighting       | 4 5 6 7 8 10 11 | 11.8
Armour         | 4 5 7 8 9 10 11 | 11.1
Maces & Flails | 3 4 5 6 7 9 11 13 14 | 14.7
Shields        | 4 5 6 8 10 11 13 | 13.6
Dodging        | 1 2 3 |  3.1
Crossbows      | 1 4 6 7 |  7.3
Invocations    | 1 2 3 |  3.1

Action                   |  1- 3 |  4- 6 |  7- 9 | 10-12 | 13-15 || total
-------------------------+-------+-------+-------+-------+-------++-------
Melee: Flail             |    73 |   174 |   272 |   519 |   120 ||  1158
       Headbutt          |    15 |    21 |    45 |   140 |    26 ||   247
       Hand crossbow     |       |       |       |     4 |       ||     4
 Fire: Hand crossbow     |       |       |       |    90 |    22 ||   112
Invok: Divine Shield     |       |       |       |    16 |     2 ||    18
  Use: Scroll            |     5 |     5 |     9 |    12 |     1 ||    32
       Potion            |       |       |       |     3 |       ||     3
Armor: Scale mail        |    51 |    33 |       |       |       ||    84
       Plate armour      |       |    54 |   108 |   167 |    41 ||   370
Dodge: Dodged            |    15 |    40 |    32 |    69 |    20 ||   176
Block: Kite shield       |    44 |   104 |   142 |   355 |    71 ||   716

Table legend: (Time is in decaauts)
 A = Elapsed time spent in this place.
 B = Non-inter-level travel time spent in this place.
 C = Inter-level travel time spent in this place.
 D = Time resting spent in this place.
 E = Time spent auto-exploring this place.
 F = Levels seen in this place.
 G = Mean time per level.
                   A        B        C        D        E       F      G
               +--------+--------+--------+--------+--------+-----+--------+
         Total |  13007 |  12646 |    361 |      0 |  10008 |  13 | 1000.5 |
       Dungeon |   7314 |   7061 |    253 |      0 |   5390 |   8 |  914.2 |
          Lair |   5693 |   5586 |    107 |      0 |   4618 |   5 | 1138.6 |
               +--------+--------+--------+--------+--------+-----+--------+

Top non-repeatable levels by time:
  Lair:1: 1520 daAuts
  Lair:3: 1481 daAuts
  Lair:2: 1366 daAuts
  Lair:4: 1284 daAuts
     D:8: 1081 daAuts
     D:2: 1004 daAuts
     D:3: 1002 daAuts
     D:7: 992 daAuts
     D:1: 928 daAuts
     D:5: 900 daAuts
     D:6: 723 daAuts
     D:4: 680 daAuts
  Lair:5: 41 daAuts
